 Dungeon Crawl Stone Soup version 0.31.0-10-gcf4a605ca0 (webtiles) character file.

Game seed: 6937365941359272607

53 MinscAndBoo the Sneak (level 3, -2/24 HPs)
             Began as a Vampire Enchanter on Jan 25, 2024.
             Slain by an orc priest
             ... wielding a +0 flail of protection
              (9 damage)
             ... on level 2 of the Dungeon.
             The game lasted 00:02:35 (874 turns).

MinscAndBoo the Sneak (Vampire Enchanter)            Turns: 874, Time: 00:02:35

Health: -2/24      AC:  2    Str:  7    XL:     3   Next: 62%
Magic:  6/6        EV: 12    Int: 19    God:
Gold:   48         SH:  0    Dex: 14    Spells: 6/6 levels left

rFire   . . .        e - +1 dagger (elec)
rCold   . . .        (no shield)
rNeg    . . .        b - +0 robe
rPois   .            (no helmet)
rElec   .            (no cloak)
rCorr   .            (no gloves)
SInv    +            (no boots)
Will    .....        m - amulet of regeneration
Stlth   +++          (no ring)
HPRegen 1.24/turn    (no ring)
MPRegen 0.10/turn

%: no passive effects
@: healing quickly, invisible
A: alive, fangs 3, see invisible, vampiric 2
a: Exsanguinate


You were on level 2 of the Dungeon.
You visited 1 branch of the dungeon, and saw 2 of its levels.

You collected 48 gold pieces.

Inventory:

Hand Weapons
 a - a +1 dagger
 e - a +1 dagger of electrocution (weapon)
Armour
 b - a +0 robe (worn)
 i - a scarf of invisibility
Jewellery
 m - an amulet of regeneration (around neck)
Wands
 s - a wand of charming (7)
Scrolls
 f - a scroll of poison {unknown}
 g - a scroll of fear {unknown}
 h - a scroll of fog {unknown}
 j - a scroll of identify {unknown}
 l - a scroll of revelation {unknown}
 n - a scroll of brand weapon {unknown}
 o - 2 scrolls of immolation {unknown}
 p - a scroll of enchant armour {unknown}
Potions
 c - a potion of invisibility
 d - 3 potions of curing {unknown}
 k - a potion of magic {unknown}
 q - a potion of lignification {unknown}
 r - a potion of attraction {unknown}


   Skills:
 + Level 2.8 Short Blades
 - Level 2.1 Dodging
 + Level 6.0 Stealth
 - Level 2.0 Spellcasting
 - Level 4.4 Hexes


You had 6 spell levels left.
You didn't know any spells.
Your spell library contained the following spells:

 Spells                   Type           Power      Damage    Failure   Level
 Confusing Touch          Hex            18%        N/A       9%          3
 Tukima's Dance           Hex            18%        N/A       9%          3
 Ensorcelled Hibernation  Hex/Ice        20%        N/A       11%         2
 Dazzling Flash           Conj/Hex       20%        N/A       21%         3


Dungeon Overview and Level Annotations

Branches:
Dungeon (2/15)

Altars:


Innate Abilities, Weirdness & Mutations

Your natural rate of healing is accelerated.
You have razor-sharp teeth.
You have supernaturally acute eyesight. (SInv)
You are afflicted with vampirism and can become a bat while bloodless.


Message History

The orc barely misses you.
The orc shouts!
The orc priest miscasts a cantrip.
You hit the orc wizard. Your bite misses the orc wizard.
The orc wizard is moderately wounded.
The orc priest calls upon Beogh to heal the orc wizard.
The orc wizard's wounds heal themselves!
You hit the orc but do no damage. Lightning courses through the orc!!
You kill the orc!
Your Stealth skill increases to level 6!
You closely miss the orc priest. The orc priest closely misses you.
The orc wizard casts a spell.
The orc wizard flickers and vanishes for a moment.
You completely miss the orc priest.
You hit the orc priest but do no damage.
The orc priest invokes the aid of Beogh against you.
Pain shoots through your body!
You hit the orc priest.
The orc priest is lightly wounded.
The orc priest closely misses you.
You barely miss the orc priest.
The orc priest is lightly wounded.
The orc priest barely misses you.
Unknown command.
You barely miss the orc priest.
The orc priest is lightly wounded.
The orc priest hits you with a +0 flail of protection.
You hit the orc priest but do no damage.
The orc priest is lightly wounded.
The orc priest closely misses you.
You barely miss the orc priest.
You bite the orc priest, but do no damage.
The orc priest is lightly wounded.
The orc priest hits you with a +0 flail of protection!
* * * LOW HITPOINT WARNING * * *
Unknown command.
Unknown command.
You fade into invisibility!
The orc priest hits you with a +0 flail of protection!
You die...

# #.##########...##
#. #.##............#
#.##.....######...##
.###........# ##.##
............# ###
#######.##..#
#.##..# #.##..#
#@##..# #o##..#
......oo....#
##......###.#
#..<..... ##......#
##...#.# ##.##.. #.
#..


You could see an orc priest (unable to see you), an orc wizard (invisible,
unable to see you) and an orc (unable to see you).

Vanquished Creatures
  A gnoll (D:1)
  An adder (D:2)
  An orc (D:2)
  An endoplasm (D:1)
  A giant cockroach (D:1)
  3 goblins
  2 hobgoblins (D:1)
  2 quokkas (D:1)
  4 ball pythons (D:1)
  6 bats
  2 frilled lizards (D:2)
  5 kobolds (D:1)
  3 rats
32 creatures vanquished.

Notes
Turn   | Place    | Note
-------+----------+-------------------------------------------
     0 | D:1      | MinscAndBoo the Vampire Enchanter began the quest for the
                  | Orb.
     0 | D:1      | Reached XP level 1. HP: 13/13 MP: 3/3
   123 | D:1      | Reached XP level 2. HP: 10/19 MP: 5/5
   203 | D:1      | Reached skill level 5 in Stealth
   325 | D:1      | Gained mutation: You are afflicted with vampirism and can
                  | become a bat while bloodless. [Vampire growth]
   325 | D:1      | Reached XP level 3. HP: 12/24 MP: 6/6
   866 | D:2      | Reached skill level 6 in Stealth
   874 | D:2      | Slain by an orc priest

Illustrated notes

Levels and vault maps discovered:
D:1:      eino_arrival_druids_welcome, layout_basic
D:2:      layout_loops_ring, guppyfry_early_lair_pool

Skill      XL: |  1  2  3 |
---------------+----------+-----
Short Blades   | 2 |  2.8
Stealth        | 5 6 |  6.0
Dodging        | |  2.1
Spellcasting   | |  2.0
Hexes          | |  4.4

Action                     || total
---------------------------++-------
  Melee: Dagger            ||   112
         Bite              ||     9
    Use: Potion            ||     1
   Stab: Sleeping          ||     5
 Armour: Robe              ||    55
  Dodge: Dodged            ||    80
